[Event "FIDE Womens Grand Prix 2019-20"]
[Site "Skolkovo"]
[Date "2019.09.16"]
[Round "6.1"]
[White "Ju, Wenjun"]
[Black "Kashlinskaya, Alina"]
[Result "1-0"]
[ECO "C18"]
[WhiteElo "2576"]
[BlackElo "2487"]
[Annotator "ChessBase"]
[PlyCount "81"]
[EventDate "2019.09.11"]
[EventType "tourn"]
[EventCountry "RUS"]
[SourceTitle "playchess.com"]
[Source "ChessBase"]
[SourceQuality "1"]
[TimeControl "40/5400+30:1800+30"]

1. e4 e6 2. d4 d5 3. Nc3 Bb4 4. e5 Ne7 5. a3 Bxc3+ 6. bxc3 c5 7. Qg4 Kf8 8. h4 Qa5 9. Bd2 Qa4 10. h5 h6 11. Rh3 Nbc6 12. Qf4 b6 13. Rf3 Nd8 14. dxc5 Qxc2 15. Bd3 Qb2 16. Rb1 Qxa3 17. cxb6 axb6 18. Rxb6 Qa1+ 19. Rb1 Qa2 20. Ne2 Ba6 21. Nc1 Bxd3 22. Nxa2 Bxb1 23. Nb4 Be4 24. Rg3 Nf5 25. Rg4 Kg8 26. f3 Bb1 27. Qh2 Kh7 28. Rf4 Ra1 29. Kf2 Ba2 30. g4 Ne7 31. Qh4 Re8 32. g5 Nf5 33. Rxf5 exf5 34. gxh6 Bc4 35. hxg7 Rxe5 36. Qxd8 Re2+ 37. Kg3 Kxg7 38. Bg5 Re6 39. h6+ Kh7 40. Qf8 Rg1+ 41. Kf4 1-0

[Event "FIDE Womens Grand Prix 2019-20"]
[Site "Skolkovo"]
[Date "2019.09.16"]
[Round "6.2"]
[White "Kosteniuk, Alexandra"]
[Black "Sebag, Marie"]
[Result "1/2-1/2"]
[ECO "D78"]
[WhiteElo "2495"]
[BlackElo "2450"]
[Annotator "ChessBase"]
[PlyCount "60"]
[EventDate "2019.09.11"]
[EventType "tourn"]
[EventCountry "RUS"]
[SourceTitle "playchess.com"]
[Source "ChessBase"]
[SourceQuality "1"]
[TimeControl "40/5400+30:1800+30"]

1. Nf3 d5 2. g3 g6 3. Bg2 Bg7 4. d4 Nf6 5. c4 c6 6. O-O O-O 7. Qb3 Qb6 8. Nc3 Na6 9. Qxb6 axb6 10. Na4 Nd7 11. cxd5 cxd5 12. Ne5 Nac5 13. Nxb6 Nxb6 14. dxc5 Bxe5 15. cxb6 Be6 16. a4 Rfc8 17. Rd1 Rc2 18. a5 Bxb2 19. Bxb2 Rxb2 20. e4 d4 21. e5 Ba2 22. Rxd4 Rxa5 23. Rd7 Rab5 24. Be4 Rxb6 25. Rxe7 Be6 26. Ra7 Re2 27. Rexb7 Rxb7 28. Bxb7 Rxe5 29. Kg2 Bd5+ 30. Bxd5 Rxd5 1/2-1/2

[Event "FIDE Womens Grand Prix 2019-20"]
[Site "Skolkovo"]
[Date "2019.09.16"]
[Round "6.3"]
[White "Goryachkina, Aleksandra"]
[Black "Harika, Dronavalli"]
[Result "1-0"]
[ECO "E81"]
[WhiteElo "2564"]
[BlackElo "2503"]
[Annotator "ChessBase"]
[PlyCount "123"]
[EventDate "2019.09.11"]
[EventType "tourn"]
[EventCountry "RUS"]
[SourceTitle "playchess.com"]
[Source "ChessBase"]
[SourceQuality "1"]
[TimeControl "40/5400+30:1800+30"]

1. d4 Nf6 2. c4 g6 3. Nc3 Bg7 4. e4 d6 5. f3 O-O 6. Be3 c5 7. Nge2 Nc6 8. d5 Ne5 9. Ng3 h5 10. Be2 h4 11. Nf1 e6 12. Bg5 Qb6 13. Qb3 exd5 14. cxd5 h3 15. g3 Qc7 16. Nd2 a6 17. a4 Rb8 18. O-O Bd7 19. a5 Nh7 20. Be3 f5 21. f4 Nf7 22. e5 dxe5 23. Nc4 e4 24. d6 Qd8 25. Bxc5 Be6 26. Rad1 Nf6 27. Bb6 Qd7 28. Bc7 Ra8 29. Qa4 Qxa4 30. Nxa4 Nd5 31. Nc5 Nxc7 32. dxc7 Rae8 33. Nb6 Bc8 34. Nxc8 Rxc8 35. Rd7 Bxb2 36. Bc4 Ba3 37. Bxf7+ Rxf7 38. Rd8+ Rf8 39. Ne6 Bc5+ 40. Kh1 Be7 41. Rfd1 e3 42. Nxf8 e2 43. Nxg6+ Kf7 44. Re1 Bxd8 45. cxd8=Q Rxd8 46. Ne5+ Kg7 47. Kg1 Rd5 48. Nc4 Rc5 49. Nd6 Rxa5 50. Nxb7 Rd5 51. Rxe2 a5 52. Ra2 a4 53. Rxa4 Rd2 54. Ra1 Kg6 55. Nc5 Kh5 56. Ne6 Kg4 57. Rf1 Rg2+ 58. Kh1 Ra2 59. Ng5 Ra3 60. Nf7 Kh5 61. Ne5 Ra2 62. Nd3 1-0

[Event "FIDE Womens Grand Prix 2019-20"]
[Site "Skolkovo"]
[Date "2019.09.16"]
[Round "6.4"]
[White "Cramling, Pia"]
[Black "Koneru, Humpy"]
[Result "0-1"]
[ECO "A05"]
[WhiteElo "2487"]
[BlackElo "2560"]
[Annotator "ChessBase"]
[PlyCount "80"]
[EventDate "2019.09.11"]
[EventType "tourn"]
[EventCountry "RUS"]
[SourceTitle "playchess.com"]
[Source "ChessBase"]
[SourceQuality "1"]
[TimeControl "40/5400+30:1800+30"]

1. Nf3 Nf6 2. c4 e6 3. g3 d5 4. Bg2 d4 5. O-O c5 6. e3 Nc6 7. d3 Be7 8. exd4 cxd4 9. Re1 O-O 10. a3 a5 11. Ne5 Nxe5 12. Rxe5 Nd7 13. Re1 Nc5 14. Qc2 Bd7 15. b3 f6 16. f4 e5 17. Nd2 exf4 18. gxf4 Bc6 19. Ne4 f5 20. Nxc5 Bxc5 21. Bxc6 bxc6 22. Bd2 Qd6 23. Re5 Bxa3 24. Rxa5 Rxa5 25. Bxa5 Re8 26. Rf1 Bb4 27. Bxb4 Qxb4 28. c5 Re3 29. Rc1 Kf8 30. Qa2 Re6 31. Qa8+ Kf7 32. Qa2 Qb8 33. Rf1 Qb5 34. b4 Qxb4 35. Rc1 Kf6 36. Qa8 Re1+ 37. Rxe1 Qxe1+ 38. Kg2 Qd2+ 39. Kg1 Qe3+ 40. Kg2 Qe2+ 0-1

[Event "FIDE Womens Grand Prix 2019-20"]
[Site "Skolkovo"]
[Date "2019.09.16"]
[Round "6.5"]
[White "Stefanova, Antoaneta"]
[Black "Lagno, Kateryna"]
[Result "0-1"]
[ECO "D90"]
[WhiteElo "2491"]
[BlackElo "2545"]
[Annotator "ChessBase"]
[PlyCount "72"]
[EventDate "2019.09.11"]
[EventType "tourn"]
[EventCountry "RUS"]
[SourceTitle "playchess.com"]
[Source "ChessBase"]
[SourceQuality "1"]
[TimeControl "40/5400+30:1800+30"]

1. d4 Nf6 2. c4 g6 3. Nc3 d5 4. Nf3 Bg7 5. cxd5 Nxd5 6. Na4 Bf5 7. Nh4 Bc8 8. e4 Nb4 9. Nf3 Bxd4 10. Bh6 c5 11. Bc4 N8c6 12. O-O Be6 13. Bxe6 fxe6 14. a3 Na6 15. Rc1 e5 16. Nxd4 Qxd4 17. Nxc5 Qxd1 18. Rfxd1 Nxc5 19. Rxc5 Kf7 20. f4 Rhd8 21. Rcd5 Rxd5 22. exd5 Rd8 23. b4 Nd4 24. fxe5 Rxd5 25. Kf2 Ke6 26. Bf4 Nc2 27. Rc1 Nxa3 28. Rc8 Nb5 29. g4 Rd4 30. Kg3 Rxb4 31. Rh8 Nc3 32. Bh6 a5 33. Rxh7 a4 34. Kh4 a3 35. Bg5 Nd5 36. Rh8 Ra4 0-1

[Event "FIDE Womens Grand Prix 2019-20"]
[Site "Skolkovo"]
[Date "2019.09.16"]
[Round "6.6"]
[White "Paehtz, Elisabeth"]
[Black "Gunina, Valentina"]
[Result "1-0"]
[ECO "B11"]
[WhiteElo "2479"]
[BlackElo "2502"]
[Annotator "ChessBase"]
[PlyCount "115"]
[EventDate "2019.09.11"]
[EventType "tourn"]
[EventCountry "RUS"]
[SourceTitle "playchess.com"]
[Source "ChessBase"]
[SourceQuality "1"]
[TimeControl "40/5400+30:1800+30"]

1. e4 c6 2. Nf3 d5 3. Nc3 Bg4 4. h3 Bxf3 5. Qxf3 Nf6 6. Be2 e6 7. O-O Bc5 8. Rd1 Bd4 9. Qf4 e5 10. Qg3 dxe4 11. d3 exd3 12. Bxd3 Nbd7 13. Ne2 Bb6 14. Bf5 g6 15. Bxd7+ Nxd7 16. Rxd7 Kxd7 17. Bg5 Qc7 18. Rd1+ Kc8 19. Bf6 Re8 20. Nc3 Kb8 21. Ne4 a6 22. Nd6 Re6 23. Bxe5 f6 24. Bf4 g5 25. Qg4 gxf4 26. Qxe6 f3 27. Ne4 Ka7 28. Rd7 Qf4 29. Rxb7+ Kxb7 30. Nd6+ Qxd6 31. Qxd6 Rg8 32. Qd7+ Bc7 33. Qxh7 Rxg2+ 34. Kf1 Rh2 35. Ke1 Kb8 36. Qf5 Rh1+ 37. Kd2 Rb1 38. Qxf6 a5 39. b3 Kb7 40. a4 Rg1 41. Qxf3 Bd6 42. h4 Bb4+ 43. c3 Ba3 44. Kd3 Kb6 45. h5 Bc1 46. Qf8 Bg5 47. Qb8+ Kc5 48. Qa7+ Kd6 49. Qxa5 Rd1+ 50. Ke2 Rd2+ 51. Kf1 Rd1+ 52. Kg2 Rd5 53. Qb4+ Kc7 54. Qe4 Bd2 55. c4 Rg5+ 56. Kf1 Kb7 57. Qe7+ Ka6 58. Qd6 1-0

[Event "FIDE Womens Grand Prix 2019-20"]
[Site "Skolkovo"]
[Date "2019.09.18"]
[Round "7.1"]
[White "Gunina, Valentina"]
[Black "Ju, Wenjun"]
[Result "0-1"]
[ECO "A13"]
[WhiteElo "2502"]
[BlackElo "2576"]
[Annotator "ChessBase"]
[PlyCount "80"]
[EventDate "2019.09.11"]
[EventType "tourn"]
[EventCountry "RUS"]
[SourceTitle "playchess.com"]
[Source "ChessBase"]
[SourceQuality "1"]
[TimeControl "40/5400+30:1800+30"]

1. Nf3 d5 2. c4 e6 3. g3 Nf6 4. Bg2 dxc4 5. Qa4+ Bd7 6. Qxc4 c5 7. O-O Bc6 8. d4 Nbd7 9. dxc5 Bxc5 10. b4 Be7 11. Nc3 Rc8 12. Qb3 a6 13. a4 O-O 14. Be3 Nd5 15. Nxd5 Bxd5 16. Qb1 Rc4 17. b5 Rb4 18. Qd3 axb5 19. axb5 Rb3 20. Qc2 Rxb5 21. Rfd1 Bf6 22. Bd4 Qc8 23. Qd2 Bxd4 24. Nxd4 Rc5 25. Bxd5 Rxd5 26. e4 Rd6 27. Rac1 Qd8 28. Qb4 Ne5 29. Kg2 Rd7 30. Qc5 Ng6 31. f4 h6 32. Rc3 b6 33. Qb4 Qa8 34. Re1 Rfd8 35. Nc6 Qa2+ 36. Kh3 Rd2 37. Rh1 Nxf4+ 38. Kg4 Nd3 39. Qe7 Nf2+ 40. Kf3 Nxh1 0-1

[Event "FIDE Womens Grand Prix 2019-20"]
[Site "Skolkovo"]
[Date "2019.09.18"]
[Round "7.4"]
[White "Harika, Dronavalli"]
[Black "Cramling, Pia"]
[Result "1-0"]
[ECO "B40"]
[WhiteElo "2503"]
[BlackElo "2487"]
[Annotator "ChessBase"]
[PlyCount "139"]
[EventDate "2019.09.11"]
[EventType "tourn"]
[EventCountry "RUS"]
[SourceTitle "playchess.com"]
[Source "ChessBase"]
[SourceQuality "1"]
[TimeControl "40/5400+30:1800+30"]

1. e4 c5 2. Nf3 e6 3. g3 Nc6 4. Bg2 Nf6 5. Nc3 d5 6. exd5 Nxd5 7. Nxd5 Qxd5 8. O-O Be7 9. d3 Qd8 10. Be3 e5 11. Nd2 Nd4 12. Nc4 Qc7 13. f4 exf4 14. Bxf4 Qd8 15. a4 a5 16. c3 Ne6 17. Be3 O-O 18. d4 cxd4 19. cxd4 Bb4 20. Rc1 Ra6 21. Kh1 Nc7 22. d5 Ne8 23. Nb6 Nd6 24. Nxc8 Nxc8 25. Qd3 Nd6 26. Bd4 Qd7 27. b3 Raa8 28. Bb2 Rfc8 29. Qd4 Ne8 30. Rxc8 Rxc8 31. Be4 Rd8 32. Qd3 h6 33. Bf3 Be7 34. Bc3 Qc7 35. Bd2 Qb6 36. Rd1 Bg5 37. Bc3 Bf6 38. Be1 Nd6 39. Kg2 Rc8 40. Bg4 Re8 41. Bf2 Qb4 42. h3 g6 43. Rc1 h5 44. Bf3 Rc8 45. Rxc8+ Nxc8 46. Qc4 Qc3 47. Qxc3 Bxc3 48. Bc5 Be5 49. g4 hxg4 50. hxg4 f6 51. Kf1 Kf7 52. Ke2 Bd6 53. Bd4 Bb4 54. Kd3 Nd6 55. Bf2 Ke7 56. Bg3 Bc5 57. Bd1 b6 58. Bc2 f5 59. Bh4+ Kd7 60. Ke2 Ke8 61. Kf3 Kf7 62. gxf5 gxf5 63. Kf4 b5 64. Bxf5 Nxf5 65. Kxf5 bxa4 66. bxa4 Bd6 67. Bg5 Ke8 68. Ke6 Be7 69. Bd2 Bb4 70. Bxb4 1-0

[Event "FIDE Womens Grand Prix 2019-20"]
[Site "Skolkovo"]
[Date "2019.09.18"]
[Round "7.5"]
[White "Sebag, Marie"]
[Black "Goryachkina, Aleksandra"]
[Result "1/2-1/2"]
[ECO "C60"]
[WhiteElo "2450"]
[BlackElo "2564"]
[Annotator "ChessBase"]
[PlyCount "84"]
[EventDate "2019.09.11"]
[EventType "tourn"]
[EventCountry "RUS"]
[SourceTitle "playchess.com"]
[Source "ChessBase"]
[SourceQuality "1"]
[TimeControl "40/5400+30:1800+30"]

1. e4 e5 2. Nf3 Nc6 3. Bb5 g6 4. c3 a6 5. Ba4 Bg7 6. d4 exd4 7. cxd4 b5 8. Bb3 Nge7 9. d5 Na5 10. Bd2 Nxb3 11. axb3 O-O 12. Bc3 f5 13. Bxg7 Kxg7 14. Qd4+ Kg8 15. O-O Bb7 16. Nc3 fxe4 17. Qxe4 Nc8 18. Ne5 Qe7 19. Rae1 d6 20. Ng4 Qxe4 21. Rxe4 h5 22. Ne3 Nb6 23. Rd1 Rae8 24. Rdd4 Kg7 25. b4 Nd7 26. f4 Nf6 27. Rxe8 Rxe8 28. Kf2 Kf7 29. h3 h4 30. Kf3 c5 31. dxc6 Bxc6+ 32. Kf2 Ne4+ 33. Nxe4 Rxe4 34. Rxd6 Rxf4+ 35. Ke2 Rf6 36. Rd4 g5 37. Rd8 Ke7 38. Rg8 Rf4 39. Rg6 Kd7 40. Rg7+ Kd8 41. Rg8+ Kd7 42. Rg7+ Kd8 1/2-1/2

[Event "FIDE Womens Grand Prix 2019-20"]
[Site "Skolkovo"]
[Date "2019.09.18"]
[Round "7.6"]
[White "Kashlinskaya, Alina"]
[Black "Kosteniuk, Alexandra"]
[Result "0-1"]
[ECO "E20"]
[WhiteElo "2487"]
[BlackElo "2495"]
[Annotator "ChessBase"]
[PlyCount "118"]
[EventDate "2019.09.11"]
[EventType "tourn"]
[EventCountry "RUS"]
[SourceTitle "playchess.com"]
[Source "ChessBase"]
[SourceQuality "1"]
[TimeControl "40/5400+30:1800+30"]

1. d4 Nf6 2. c4 e6 3. Nc3 Bb4 4. f3 c5 5. d5 O-O 6. e4 d6 7. Nge2 b5 8. Nf4 Re8 9. Be2 bxc4 10. Bxc4 Qa5 11. Bd2 Ba6 12. Bxa6 Qxa6 13. a3 Ba5 14. b4 Bb6 15. b5 Qb7 16. O-O c4+ 17. Kh1 Nbd7 18. a4 Bd4 19. Rb1 Rac8 20. a5 Nc5 21. Nfe2 Be5 22. Bg5 Nd3 23. Bh4 Nd7 24. Qd2 N7c5 25. a6 Qa8 26. Qg5 Nb3 27. Rbd1 Rc5 28. Qg4 g6 29. f4 f5 30. Qg3 Bg7 31. Rxd3 cxd3 32. Qxd3 Rcc8 33. dxe6 Nc5 34. Qd5 Rxe6 35. Qa2 Kh8 36. exf5 gxf5 37. Bf2 Rce8 38. Bd4 Bxd4 39. Nxd4 Re1 40. Kg1 Nd3 41. Nf3 Rxf1+ 42. Kxf1 Qc8 43. Qf7 Rf8 44. Qe7 Nxf4 45. Ng5 Qc4+ 46. Kf2 Qd4+ 47. Kf3 Qxc3+ 48. Kxf4 Qc4+ 49. Kf3 Qg8 50. Qxa7 Qxg5 51. Qd4+ Kg8 52. a7 Qh5+ 53. Kf2 Qf7 54. b6 Qa2+ 55. Kg3 f4+ 56. Kf3 Re8 57. Qxd6 Qe2+ 58. Kxf4 Re4+ 59. Kg5 Qg4+ 0-1

[Event "FIDE Womens Grand Prix 2019-20"]
[Site "Skolkovo"]
[Date "2019.09.19"]
[Round "8.1"]
[White "Ju, Wenjun"]
[Black "Kosteniuk, Alexandra"]
[Result "1-0"]
[ECO "E04"]
[WhiteElo "2576"]
[BlackElo "2495"]
[Annotator "ChessBase"]
[PlyCount "99"]
[EventDate "2019.09.11"]
[EventType "tourn"]
[EventCountry "RUS"]
[SourceTitle "playchess.com"]
[Source "ChessBase"]
[SourceQuality "1"]
[TimeControl "40/5400+30:1800+30"]

1. d4 Nf6 2. c4 e6 3. g3 d5 4. Bg2 dxc4 5. Nf3 a6 6. O-O Nc6 7. e3 Rb8 8. Nfd2 e5 9. Bxc6+ bxc6 10. dxe5 Ng4 11. Nxc4 Be6 12. Nbd2 Bb4 13. b3 h5 14. f3 Bxd2 15. Bxd2 Bxc4 16. bxc4 Nxe5 17. Bc3 Qxd1 18. Raxd1 f6 19. Rd4 O-O 20. Kf2 Rfd8 21. Rxd8+ Rxd8 22. Bxe5 fxe5 23. Ke2 Rb8 24. Rd1 Rb4 25. Kd3 Ra4 26. Rd2 Kf7 27. Rc2 Ke6 28. Ke4 g5 29. h4 gxh4 30. gxh4 Rb4 31. f4 exf4 32. Kxf4 Kf6 33. e4 Rb1 34. e5+ Ke6 35. Kg5 Kxe5 36. Kxh5 Kd4 37. c5 Rb5 38. Kg6 Kd3 39. Rc1 Kd2 40. Rf1 Rxc5 41. h5 Rd5 42. h6 c5 43. Rf5 Rd6+ 44. Rf6 Rd8 45. Rc6 Kc3 46. Rxc5+ Kb2 47. Rxc7 Ra8 48. h7 Kxa2 49. Rg7 Rb8 50. Ra7 1-0

[Event "FIDE Womens Grand Prix 2019-20"]
[Site "Skolkovo"]
[Date "2019.09.19"]
[Round "8.2"]
[White "Goryachkina, Aleksandra"]
[Black "Kashlinskaya, Alina"]
[Result "1/2-1/2"]
[ECO "E73"]
[WhiteElo "2564"]
[BlackElo "2487"]
[Annotator "ChessBase"]
[PlyCount "79"]
[EventDate "2019.09.11"]
[EventType "tourn"]
[EventCountry "RUS"]
[SourceTitle "playchess.com"]
[Source "ChessBase"]
[SourceQuality "1"]
[TimeControl "40/5400+30:1800+30"]

1. d4 Nf6 2. c4 g6 3. Nc3 Bg7 4. e4 d6 5. Be2 O-O 6. Be3 e5 7. d5 Na6 8. g4 Nc5 9. f3 a5 10. h4 c6 11. h5 cxd5 12. cxd5 a4 13. Qd2 Qa5 14. Rb1 Bd7 15. Nh3 b5 16. Nf2 Rfc8 17. Bg5 b4 18. Ncd1 Bb5 19. Bxb5 Qxb5 20. h6 Bh8 21. Ne3 Nfd7 22. Qe2 Qxe2+ 23. Kxe2 Bf6 24. Bxf6 Nxf6 25. Rhc1 Nfd7 26. Rc4 b3 27. a3 Kf8 28. Rbc1 Ke7 29. R4c3 Kf6 30. Nc4 Ra6 31. Nh3 Ke7 32. Ne3 Raa8 33. Ng5 Rh8 34. Nc4 f6 35. Nh3 Rhf8 36. Ne3 Ra6 37. Nf2 Raa8 38. Nh3 Ra6 39. Nf2 Raa8 40. Nh3 1/2-1/2

[Event "FIDE Womens Grand Prix 2019-20"]
[Site "Skolkovo"]
[Date "2019.09.19"]
[Round "8.3"]
[White "Cramling, Pia"]
[Black "Sebag, Marie"]
[Result "1-0"]
[ECO "D02"]
[WhiteElo "2487"]
[BlackElo "2450"]
[Annotator "ChessBase"]
[PlyCount "99"]
[EventDate "2019.09.11"]
[EventType "tourn"]
[EventCountry "RUS"]
[SourceTitle "playchess.com"]
[Source "ChessBase"]
[SourceQuality "1"]
[TimeControl "40/5400+30:1800+30"]

1. Nf3 d5 2. d4 Nf6 3. c4 c6 4. Qb3 dxc4 5. Qxc4 Bf5 6. g3 e6 7. Bg2 Nbd7 8. O-O Be7 9. e3 O-O 10. Qe2 Qc7 11. Nc3 e5 12. h3 exd4 13. Nxd4 Bg6 14. e4 Rfe8 15. Bf4 Ne5 16. Rac1 Bc5 17. Rfd1 Qe7 18. a3 Rad8 19. Be3 Ned7 20. Nb3 Bxe3 21. Qxe3 Nb6 22. Qc5 Rd7 23. Rxd7 Nfxd7 24. Qxe7 Rxe7 25. Na5 Nc5 26. b4 Ne6 27. f4 f5 28. e5 Rd7 29. Rd1 Rxd1+ 30. Nxd1 Nd8 31. Ne3 Kf8 32. Kf2 Ke7 33. Bf1 Nd5 34. Bd3 Nxe3 35. Kxe3 Bf7 36. Nc4 Bxc4 37. Bxc4 g6 38. g4 b6 39. Bd3 Ke6 40. Kd4 Nb7 41. gxf5+ gxf5 42. Ba6 Nd8 43. Bc8+ Ke7 44. Bxf5 h6 45. Bg4 Nf7 46. h4 Nd8 47. f5 Kf7 48. Ke4 Kg7 49. f6+ Kg6 50. Bd7 1-0

[Event "FIDE Womens Grand Prix 2019-20"]
[Site "Skolkovo"]
[Date "2019.09.19"]
[Round "8.4"]
[White "Stefanova, Antoaneta"]
[Black "Harika, Dronavalli"]
[Result "1/2-1/2"]
[ECO "D38"]
[WhiteElo "2491"]
[BlackElo "2503"]
[Annotator "ChessBase"]
[PlyCount "78"]
[EventDate "2019.09.11"]
[EventType "tourn"]
[EventCountry "RUS"]
[SourceTitle "playchess.com"]
[Source "ChessBase"]
[SourceQuality "1"]
[TimeControl "40/5400+30:1800+30"]

1. d4 Nf6 2. c4 e6 3. Nf3 d5 4. Nc3 Bb4 5. Qa4+ Nc6 6. e3 O-O 7. Qc2 Re8 8. Bd2 a6 9. Rd1 Bd7 10. h3 Bd6 11. a3 h6 12. g4 e5 13. dxe5 Nxe5 14. Nxe5 Rxe5 15. cxd5 Nxd5 16. Nxd5 Rxd5 17. Bg2 Rc5 18. Bc3 Bc6 19. Bxc6 Rxc6 20. Rd5 Qe8 21. g5 Qe6 22. Qd3 h5 23. Qd4 Bf8 24. Ke2 Rd6 25. Rxd6 cxd6 26. Qh4 Qg6 27. Rd1 Rc8 28. Rd4 Rc5 29. f4 Qc2+ 30. Kf3 g6 31. Rd2 Qb1 32. Qf2 Bg7 33. Rxd6 Bxc3 34. bxc3 Rxc3 35. Qd2 Qh1+ 36. Kg3 Rc1 37. Rxg6+ fxg6 38. Qd8+ Kf7 39. Qd7+ Kf8 1/2-1/2

[Event "FIDE Womens Grand Prix 2019-20"]
[Site "Skolkovo"]
[Date "2019.09.19"]
[Round "8.5"]
[White "Paehtz, Elisabeth"]
[Black "Koneru, Humpy"]
[Result "0-1"]
[ECO "C42"]
[WhiteElo "2479"]
[BlackElo "2560"]
[Annotator "ChessBase"]
[PlyCount "90"]
[EventDate "2019.09.11"]
[EventType "tourn"]
[EventCountry "RUS"]
[SourceTitle "playchess.com"]
[Source "ChessBase"]
[SourceQuality "1"]
[TimeControl "40/5400+30:1800+30"]

1. e4 e5 2. Nf3 Nf6 3. Nxe5 d6 4. Nf3 Nxe4 5. d4 d5 6. Bd3 Bf5 7. O-O Be7 8. Re1 O-O 9. c4 Nc6 10. cxd5 Qxd5 11. Nc3 Nxc3 12. bxc3 Rae8 13. Bf4 Bd8 14. c4 Qd7 15. Bxf5 Qxf5 16. Be3 Bf6 17. Rb1 b6 18. Qa4 Qd7 19. Rbd1 Re7 20. Kf1 h6 21. d5 Na5 22. Qxd7 Rxd7 23. Rc1 c6 24. dxc6 Nxc6 25. c5 b5 26. Red1 Rfd8 27. Rxd7 Rxd7 28. Nd2 Rd3 29. Rb1 a6 30. Nb3 Kf8 31. Ke2 Rd5 32. Rc1 Ke7 33. Nd2 Nb4 34. a3 Nc6 35. Nb1 Kd7 36. Nc3 Bxc3 37. Rxc3 Ne5 38. h3 Kc6 39. g4 Nc4 40. a4 Nxe3 41. axb5+ axb5 42. Rxe3 b4 43. f4 Kxc5 44. Re7 b3 45. Rxf7 Kc6 0-1

[Event "FIDE Womens Grand Prix 2019-20"]
[Site "Skolkovo"]
[Date "2019.09.19"]
[Round "8.6"]
[White "Gunina, Valentina"]
[Black "Lagno, Kateryna"]
[Result "1-0"]
[ECO "C28"]
[WhiteElo "2502"]
[BlackElo "2545"]
[Annotator "ChessBase"]
[PlyCount "173"]
[EventDate "2019.09.11"]
[EventType "tourn"]
[EventCountry "RUS"]
[SourceTitle "playchess.com"]
[Source "ChessBase"]
[SourceQuality "1"]
[TimeControl "40/5400+30:1800+30"]

1. e4 e5 2. Bc4 Nc6 3. Nc3 Nf6 4. d3 Na5 5. Bg5 Be7 6. Bxf6 Bxf6 7. Nd5 O-O 8. h4 c6 9. Nxf6+ Qxf6 10. Qd2 Nxc4 11. dxc4 d6 12. O-O-O Be6 13. Nf3 Rad8 14. b3 d5 15. cxd5 cxd5 16. Qe3 d4 17. Qg5 Qxg5+ 18. hxg5 f6 19. Rh4 Bf7 20. gxf6 gxf6 21. Ne1 Bg6 22. Nd3 Rde8 23. f3 f5 24. exf5 Rxf5 25. Re1 Rg5 26. Re2 b6 27. Kd2 h5 28. Ke1 Kg7 29. Kf2 Kf6 30. Kg1 Rf5 31. Kh2 Rc8 32. f4 exf4 33. Nxf4 Bf7 34. Nd3 Rd8 35. Ree4 Rc8 36. Ne1 Bg6 37. Rxd4 Rf1 38. Rdf4+ Rxf4 39. Rxf4+ Ke5 40. Ra4 Bxc2 41. Nxc2 Rxc2 42. Rxa7 Kf5 43. Ra4 Rb2 44. Kg3 Kg5 45. Ra8 Kf5 46. Rf8+ Kg5 47. Rf2 h4+ 48. Kf3 Rb1 49. Rd2 Rf1+ 50. Ke2 Ra1 51. Kf2 Rc1 52. Rd5+ Kg4 53. Rd4+ Kg5 54. a4 Rc2+ 55. Kg1 Rc3 56. Rb4 Rc6 57. Kh2 Rd6 58. Kg1 Rf6 59. Re4 Rc6 60. Kf2 Rc3 61. Re3 Rc5 62. Ke2 b5 63. axb5 Rxb5 64. Kd2 Kg4 65. Ke2 Ra5 66. Kf2 Rb5 67. Rd3 Rb4 68. Rc3 Rf4+ 69. Kg1 Rf8 70. b4 Rb8 71. Rb3 Rb5 72. Kf2 Kf4 73. Ke1 Re5+ 74. Kf2 Rb5 75. Rb1 Kg4 76. Ke3 Kg3 77. Rb2 Re5+ 78. Kd4 Rf5 79. b5 Rf2 80. Rxf2 Kxf2 81. b6 Kxg2 82. b7 h3 83. b8=Q h2 84. Qb7+ Kg1 85. Qb1+ Kg2 86. Qc2+ Kg1 87. Ke3 1-0

[Event "FIDE Womens Grand Prix 2019-20"]
[Site "Skolkovo"]
[Date "2019.09.20"]
[Round "9.2"]
[White "Koneru, Humpy"]
[Black "Gunina, Valentina"]
[Result "1-0"]
[ECO "E10"]
[WhiteElo "2560"]
[BlackElo "2502"]
[Annotator "ChessBase"]
[PlyCount "85"]
[EventDate "2019.09.11"]
[EventType "tourn"]
[EventCountry "RUS"]
[SourceTitle "playchess.com"]
[Source "ChessBase"]
[SourceQuality "1"]
[TimeControl "40/5400+30:1800+30"]

1. d4 Nf6 2. c4 e6 3. Nf3 c5 4. d5 b5 5. dxe6 fxe6 6. cxb5 a6 7. bxa6 Bxa6 8. Nc3 Nc6 9. e4 Bxf1 10. Kxf1 Qb8 11. Rb1 Bd6 12. Bg5 O-O 13. Bxf6 Rxf6 14. h4 Ne5 15. Rh3 Qb6 16. Qb3 Qd8 17. Nb5 c4 18. Qc3 Rxf3 19. gxf3 Bb8 20. f4 Ng6 21. Rd1 Nxf4 22. Rg3 Ng6 23. Rg5 Bf4 24. Rg4 Be5 25. Qxc4 Nxh4 26. Nc3 Nf3 27. Ke2 Qb6 28. Na4 Qa7 29. Nc5 Rc8 30. b4 h5 31. Rg6 d5 32. exd5 Qf7 33. Rxe6 Rf8 34. Ne4 Qf4 35. Nf6+ Rxf6 36. Qxf4 Rxf4 37. Ke3 g5 38. d6 Bd4+ 39. Ke2 Ne5 40. Rxd4 Rxd4 41. Rxe5 Rxd6 42. Rxg5+ Kf7 43. Rxh5 1-0

[Event "FIDE Womens Grand Prix 2019-20"]
[Site "Skolkovo"]
[Date "2019.09.20"]
[Round "9.3"]
[White "Harika, Dronavalli"]
[Black "Paehtz, Elisabeth"]
[Result "1/2-1/2"]
[ECO "B53"]
[WhiteElo "2503"]
[BlackElo "2479"]
[Annotator "ChessBase"]
[PlyCount "50"]
[EventDate "2019.09.11"]
[EventType "tourn"]
[EventCountry "RUS"]
[SourceTitle "playchess.com"]
[Source "ChessBase"]
[SourceQuality "1"]
[TimeControl "40/5400+30:1800+30"]

1. e4 c5 2. Nf3 d6 3. d4 cxd4 4. Qxd4 Nc6 5. Qe3 Nf6 6. Be2 e6 7. O-O Be7 8. c4 O-O 9. Rd1 Qc7 10. Nc3 b6 11. h3 Bb7 12. b3 Rad8 13. Bb2 Rfe8 14. Rd2 Qb8 15. Rad1 Ba8 16. Bf1 h6 17. Qf4 Nh5 18. Qg4 Nf6 19. Qf4 Nh5 20. Qe3 Nf6 21. Ba3 a6 22. Bb2 Nd7 23. Ba3 Nf6 24. Bb2 Nd7 25. Ba3 Nf6 1/2-1/2

[Event "FIDE Womens Grand Prix 2019-20"]
[Site "Skolkovo"]
[Date "2019.09.20"]
[Round "9.5"]
[White "Kashlinskaya, Alina"]
[Black "Cramling, Pia"]
[Result "1-0"]
[ECO "E38"]
[WhiteElo "2487"]
[BlackElo "2487"]
[Annotator "ChessBase"]
[PlyCount "87"]
[EventDate "2019.09.11"]
[EventType "tourn"]
[EventCountry "RUS"]
[SourceTitle "playchess.com"]
[Source "ChessBase"]
[SourceQuality "1"]
[TimeControl "40/5400+30:1800+30"]

1. d4 Nf6 2. c4 e6 3. Nc3 Bb4 4. Qc2 c5 5. dxc5 Bxc5 6. Nf3 Qc7 7. Bg5 a6 8. e3 Be7 9. Be2 d6 10. O-O h6 11. Bh4 Nbd7 12. Rad1 b6 13. Rd2 Bb7 14. Rfd1 Rd8 15. b4 O-O 16. Qb3 Rc8 17. Rd4 Rfe8 18. a4 Bf8 19. Bg3 e5 20. R4d2 Ne4 21. Nxe4 Bxe4 22. Ne1 a5 23. Bg4 Rcd8 24. b5 Nf6 25. Bf3 Rc8 26. Bxe4 Nxe4 27. Rc2 Nc5 28. Qa2 e4 29. Rd5 Re6 30. h4 Nd7 31. Rc1 Nf6 32. Rd4 Qc5 33. Nc2 Ree8 34. Qb2 d5 35. cxd5 Nxd5 36. Rcd1 Nc3 37. R1d2 Be7 38. Qb3 Qh5 39. Rd7 Bf6 40. Bc7 Bxh4 41. Qxc3 Bf6 42. Qc6 Be5 43. g3 Qg4 44. Qd5 1-0

[Event "FIDE Womens Grand Prix 2019-20"]
[Site "Skolkovo"]
[Date "2019.09.20"]
[Round "9.6"]
[White "Kosteniuk, Alexandra"]
[Black "Goryachkina, Aleksandra"]
[Result "0-1"]
[ECO "C18"]
[WhiteElo "2495"]
[BlackElo "2564"]
[Annotator "ChessBase"]
[PlyCount "90"]
[EventDate "2019.09.11"]
[EventType "tourn"]
[EventCountry "RUS"]
[SourceTitle "playchess.com"]
[Source "ChessBase"]
[SourceQuality "1"]
[TimeControl "40/5400+30:1800+30"]

1. e4 e6 2. d4 d5 3. Nc3 Bb4 4. e5 c5 5. a3 Bxc3+ 6. bxc3 Ne7 7. Qg4 cxd4 8. Bd3 Qa5 9. Rb1 Ng6 10. Nf3 b6 11. O-O Qxc3 12. h4 h5 13. Qg3 Qc7 14. Bxg6 fxg6 15. Nxd4 O-O 16. Nb5 Qxc2 17. Bg5 Na6 18. Rfc1 Qa4 19. Nd6 Bd7 20. Be7 Rf4 21. Qxg6 Qd4 22. Qg3 Rg4 23. Qf3 Qf4 24. Qe2 Nc5 25. Rc3 d4 26. Rxc5 bxc5 27. Bg5 Rxg5 28. hxg5 Qxg5 29. Qe4 Rf8 30. Rb7 Ba4 31. Rc7 Qc1+ 32. Kh2 Qf4+ 33. g3 Qxf2+ 34. Kh3 Bc2 35. Qg2 Bf5+ 36. Kh2 Bg4 37. Qxf2 Rxf2+ 38. Kg1 Rc2 39. Ne4 d3 40. Rd7 c4 41. a4 Bf5 42. Ng5 Kf8 43. Rb7 d2 44. Rb8+ Ke7 45. Rb7+ Ke8 0-1